 Dungeon Crawl Stone Soup version 0.24.0-37-gcf1ca852f1 (webtiles) character file.

Game seed: 7190316555856178978, levelgen mode: deterministic

68328 MJtheKandyman the Fighter (level 15, -18/122 HPs)
             Began as a Gnoll Wanderer on Nov 19, 2019.
             Was a High Priest of Ashenzari.
             Demolished by a very large slime creature (56 damage)
             ... on level 14 of the Dungeon on Nov 22, 2019.
             The game lasted 03:36:03 (37260 turns).

MJtheKandyman the Fighter (Gnoll Wanderer)         Turns: 37260, Time: 03:36:04

Health: -18/122    AC: 20    Str: 21    XL:     15   Next: 26%
Magic:  28/28      EV: 19    Int: 15    God:    Ashenzari [*****.]
Gold:   727        SH: 21    Dex: 14    Spells: 15/33 levels left

rFire    + . .     SeeInvis +   X - +5 falchion (protect)
rCold    + . .     Gourm    .   G - +5 shield (curse)
rNeg     + . .     Faith    .   a - +2 robe {rC+}
rPois    .         Spirit   .   u - +2 helmet (curse)
rElec    .         Reflect  +   (no cloak)
rCorr    .         Harm     .   m - +2 pair of gloves (curse)
MR       +....     Clarity  +   Z - +0 pair of boots (curse)
Stlth    +++++.....             n - +3 amulet of reflection
HPRegen  0.30/turn              N - ring of wizardry
MPRegen  0.21/turn              J - ring of Sodekhleo {rF+ rN+}

@: protection aura
A: distributed training, fangs 1, strong nose
a: Curse Item, Scrying, Renounce Religion


You were on level 14 of the Dungeon.
You worshipped Ashenzari.
Ashenzari was extremely pleased with you.
You were not hungry.

You visited 3 branches of the dungeon, and saw 21 of its levels.
You also visited: Sewer and Volcano.

You collected 1547 gold pieces.
You spent 820 gold pieces at shops.

Inventory:

Hand Weapons
 s - a +1 vampiric spear
 x - a +1 war axe of chopping
 X - a +5 falchion of protection (weapon)
Missiles
 k - 26 poisoned darts
 v - 4 throwing nets
 R - 40 stones (quivered)
Armour
 a - a +2 robe of cold resistance (worn)
 m - a cursed +2 pair of gloves (worn)
 q - a +0 troll leather armour
 u - a cursed +2 helmet (worn)
 G - a cursed +5 shield (worn)
 Z - a cursed +0 pair of boots (worn)
Jewellery
 b - an uncursed amulet of faith
 n - a +3 amulet of reflection (around neck)
 t - a +3 ring of dexterity
 A - a +1 ring of slaying
 J - the ring of Sodekhleo (right hand) {rF+ rN+}
   (You found it on level 6 of the Lair of Beasts)

   [ring of positive energy]

   It protects you from fire.
   It protects you from negative energy.
 N - a ring of wizardry (left hand)
 Q - an uncursed ring of protection from fire
 U - an uncursed ring of positive energy
 V - a +1 ring of evasion
 W - an uncursed ring of flight
Wands
 g - a wand of digging (4)
 D - a wand of clouds (11)
 H - a wand of random effects (14)
 O - a wand of polymorph (41)
Scrolls
 d - 2 scrolls of identify
 h - 6 scrolls of remove curse
 l - 9 scrolls of teleportation
 o - 4 scrolls of magic mapping
 w - a scroll of amnesia
 y - 5 scrolls of blinking
 B - a scroll of silence
 I - 3 scrolls of fog
 S - a scroll of fear
Potions
 c - 4 potions of curing
 e - 3 potions of cancellation
 i - 2 potions of brilliance
 j - a potion of berserk rage
 p - 4 potions of flight
 r - a potion of magic
 C - 2 potions of lignification
 E - 7 potions of haste
 F - 3 potions of agility
 P - 2 potions of might
 Y - a potion of invisibility
Comestibles
 f - 15 rations


   Skills:
 + Level 12.5 Fighting
 + Level 9.7 Short Blades
 + Level 9.7 Long Blades
 + Level 10.7 Axes
 + Level 9.7 Maces & Flails
 + Level 9.7 Polearms
 + Level 9.7 Staves
 + Level 9.7 Slings
 + Level 9.7 Bows
 + Level 9.7 Crossbows
 + Level 9.7 Throwing
 + Level 10.1 Armour
 + Level 9.7(12.2) Dodging
 + Level 11.3(13.7) Stealth
 + Level 9.7(12.2) Shields
 + Level 9.7 Unarmed Combat
 + Level 9.7 Spellcasting
 + Level 8.2 Conjurations
 + Level 8.2 Hexes
 + Level 8.2 Charms
 + Level 8.2 Summonings
 + Level 8.2 Necromancy
 + Level 8.2 Translocations
 + Level 8.2 Transmutations
 + Level 8.2 Fire Magic
 + Level 8.2 Ice Magic
 + Level 8.2 Air Magic
 + Level 8.2 Earth Magic
 + Level 8.2 Poison Magic
 + Level 10.6 Invocations
 + Level 9.7 Evocations


You had 15 spell levels left.
You knew the following spells:

 Your Spells              Type           Power        Failure   Level  Hunger
a - Confuse               Hex            ####....     1%          3    #......
b - Swiftness             Chrm/Air       ####....     1%          2    None
c - Throw Frost           Conj/Ice       ####..       1%          2    None
d - Ozocubu's Armour      Chrm/Ice       ####....     1%          3    #......
e - Corona                Hex            ####...      1%          1    None
f - Regeneration          Chrm/Necr      ####......   1%          3    #......
g - Summon Ice Beast      Ice/Summ       ####....     1%          4    ###....

Your spell library contained the following spells:

 Spells                   Type           Power        Failure   Level  Hunger
 Animate Skeleton         Necr           N/A          1%          1    None
 Beastly Appendage        Tmut           ####..       1%          1    None
 Confusing Touch          Hex            ####..       1%          1    None
 Freeze                   Ice            ####         1%          1    None
 Magic Dart               Conj           ####         1%          1    None
 Pain                     Necr           ####         1%          1    None
 Shock                    Conj/Air       ####         1%          1    None
 Ensorcelled Hibernation  Hex/Ice        ####..       1%          2    None
 Poisonous Vapours        Pois/Air       ####..       1%          2    None
 Searing Ray              Conj           ####..       1%          2    None
 Sticks to Snakes         Tmut           ####....     1%          2    None
 Dazzling Spray           Conj/Hex       ####..       1%          3    #......
 Gell's Gravitas          Tloc           ####......   1%          3    #......
 Mephitic Cloud           Conj/Pois/Air  ####....     1%          3    #......
 Spider Form              Tmut/Pois      ####......   1%          3    #......
 Static Discharge         Conj/Air       ####....     1%          3    #......
 Tukima's Dance           Hex            ####....     1%          3    #......
 Vampiric Draining        Necr           ####......   1%          3    #......
 Airstrike                Air            ####......   1%          4    ###....
 Animate Dead             Necr           N/A          1%          4    ###....
 Force Lance              Conj/Tloc      ####....     1%          4    ###....
 Fulminant Prism          Conj/Hex       ####......   1%          4    ###....
 Ice Form                 Ice/Tmut       ####....     1%          4    ###....
 Iskenderun's Mystic Bla  Conj           ####....     1%          4    ###....
 Olgreb's Toxic Radiance  Pois           ####....     1%          4    ###....
 Petrify                  Tmut/Erth      ####....     1%          4    ###....
 Summon Lightning Spire   Summ/Air       ####....     1%          4    ###....
 Throw Icicle             Conj/Ice       ####....     1%          4    ###....
 Blade Hands              Tmut           ####......   6%          5    #####..
 Lightning Bolt           Conj/Air       ####......   6%          5    #####..
 Metabolic Englaciation   Hex/Ice        ####......   6%          5    #####..
 Yara's Violent Unravell  Hex/Tmut       ####......   6%          5    #####..
 Conjure Ball Lightning   Conj/Air       ####......   28%         6    ######.
 Invisibility             Hex            ####....     28%         6    ######.
 Tornado                  Air            ####......   100%        9    #######


Dungeon Overview and Level Annotations

Branches:
Dungeon (14/15)            Temple (1/1) D:4            Lair (6/6) D:9
  Swamp (0/4) Lair:3        Snake (0/4) Lair:3        Slime (0/5) Lair:6
    Orc (0/2) D:12         Vaults (0/5) D:14          Sewer (visited)
Volcano (visited)

Altars:
Ashenzari
Cheibriados
Dithmenos
Elyvilon
Fedhas
Gozag
Hepliaklqana
Kikubaaqudgha
Makhleb
Nemelex Xobeh
Okawaru
Qazlal
Sif Muna
Trog
Uskayaw
Vehumet
Wu Jian
Xom
Zin
The Shining One
Jiyva

Shops:
D:4 ?   D:6 }   D:8 =   D:9 *   D:11 (}}:*

Annotations:
D:2 Sigmund!, Sigmund
D:11 Maurice
Lair:1 3 runed translucent doors, Wuochyse's ghost, journeyman DEWz
Lair:3 exclusion: 4 oklob plants


Innate Abilities, Weirdness & Mutations

Your experience applies equally to all skills.
You have very sharp teeth.
Your uncanny sense of smell can sniff out nearby items.


Message History

You slash the very large slime creature!
The very large slime creature is severely wounded.
You block the very large slime creature's attack.
You slash the very large slime creature!
The very large slime creature is almost dead.
The very large slime creature hits you!!!
You barely miss the very large slime creature.
You bite the very large slime creature.
The very large slime creature is almost dead.
The very large slime creature barely misses you.
You hit the very large slime creature.
Your bite misses the very large slime creature.
The very large slime creature is almost dead.
You block the very large slime creature's attack.
You slash the very large slime creature!
The very large slime creature is almost dead.
You hit the very large slime creature.
The very large slime creature is almost dead.
The very large slime creature hits you!!!
You die...

#........ .....#.........
,*
.#+######**#...#...$.....,,
* ....##### #...#.........
,, ....##### #...#(........
,* #...##### #...'.(.......
..>.##### ##.^.#......... ,
.....#### #......#'######*
** ####.#### #.##.#J#.#
...#.#### #.#..#@#.#
...#.#### #.#.##.#.#
⌠..#)######.#....#.#
...#.)...).).......#
...#.######.########
''##.## #.....# ...#.#
#.#.#.# ...#.# #.###.# **
∩..#.# ♣.♣ * #


You could see a very large slime creature.

Vanquished Creatures
  A frost giant (D:11)
  Erolcha (D:11)
  Fannar (D:10)
  2 hydras
  2 centaur warriors (D:13)
  5 two-headed ogres
  An ogre mage (D:12)
  3 unseen horrors
  Pikel (D:8)
  A necromancer (D:14)
  An ugly thing (D:13)
  A cyclops (D:11)
  A centaur zombie (D:13)
  11 elephants
  A manticore (D:14)
  6 black mambas
  A spiny frog (shapeshifter) (D:13)
  15 spiny frogs
  5 komodo dragons
  2 rime drakes
  A troll (D:9)
  2 polar bears
  2 tyrant leeches (Lair:6)
  A hornet (Lair:3)
  4 slime creatures
  Prince Ribbit (D:8)
  17 blink frogs
  A dream sheep (Lair:1)
  8 hippogriffs
  A spriggan (D:8)
  A shadow (D:13)
  A vampire (D:14)
  39 yaks
  5 wraiths
  7 humans (D:14)
  3 vampire mosquitoes (Lair:6)
  5 basilisks
  Menkaure (D:6)
  16 water moccasins
  An acid dragon (D:13)
  5 porcupines
  A swamp drake (Lair:3)
  2 ice beasts
  2 sky beasts
  A black bear (Lair:2)
  8 ogres
  2 phantoms
  5 orc warriors
  11 wolves
  6 centaurs
  4 crocodiles
  A big kobold (D:7)
  Blork the orc (D:4)
  18 bullfrogs
  A wyvern skeleton (D:9)
  2 scorpions
  15 killer bees
  3 wights
  6 howler monkeys
  3 crimson imps
  2 bullfrog zombies
  A quasit (D:5)
  4 orc priests
  9 hounds
  7 bullfrog skeletons
  8 centaur skeletons
  2 jellies
  11 orc wizards
  6 iguanas
  2 hell rats (Lair:1)
  13 worker ants
  A killer bee zombie (D:5)
  A howler monkey zombie (D:9)
  Robin (D:2)
  4 gnolls (D:2)
  7 river rats (Lair:1)
  24 adders
  5 shadow imps
  An ooze (D:3)
  An adder zombie (D:8)
  3 adder skeletons
  2 worms
  2 dart slugs (D:1)
  4 leopard geckos
  46 orcs
  7 giant cockroaches
  20 goblins
  10 hobgoblins
  8 jackals
  2 quokkas
  7 ball pythons
  7 bats
  11 frilled lizards
  8 kobolds
  13 rats
536 creatures vanquished.

Vanquished Creatures (collateral kills)
  A fire giant (D:11)
  Josephine (D:10)
  A yaktaur captain (D:12)
  The ghost of Valentain the Tainter, a journeyman OpVM of Vehumet (D:11)
  5 hydras
  2 vault guards (D:14)
  A catoblepas (D:13)
  A deep elf archer (D:13)
  A necromancer (D:14)
  A wolf spider (shapeshifter) (D:11)
  2 ugly things (D:12)
  A salamander (shapeshifter) (D:10)
  A cyclops (D:11)
  7 elephants
  2 black mambas
  A centaur skeleton (D:13)
  10 spiny frogs
  5 komodo dragons
  3 trolls
  A slime creature (D:12)
  3 tyrant leeches
  A hippogriff (D:12)
  12 blink frogs
  2 wraiths
  A wyvern (D:12)
  A basilisk (D:13)
  16 yaks
  A hungry ghost (D:11)
  14 humans (D:14)
  3 vampire mosquitoes (Lair:6)
  An acid dragon (D:13)
  3 crocodiles
  A big kobold (D:12)
  6 bullfrogs (Lair:6)
  2 scorpions (D:12)
  2 crimson imps
  2 orc priests
  A worker ant (D:10)
  A leopard gecko (D:11)
  4 orcs
  2 goblins (D:11)
  5 kobolds (D:12)
  A fungus (Lair:6)
133 creatures vanquished.

Vanquished Creatures (others)
  A centaur warrior (D:10)
  An unseen horror (D:13)
  A moth of wrath (D:11)
  3 centaurs
  A kobold (D:7)
  A bush (Lair:6)
  31 fungi
  58 plants
97 creatures vanquished.

Grand Total: 766 creatures vanquished

Notes
Turn   | Place    | Note
-------+----------+-------------------------------------------
     0 | D:1      | MJtheKandyman the Gnoll Wanderer began the quest for the
                  | Orb.
     0 | D:1      | MJtheKandyman set off with the following items: a +2 hand
                  | axe, a +0 ring mail, a potion of curing, a +0 dagger, a
                  | ration
     0 | D:1      | Reached XP level 1. HP: 26/26 MP: 1/1
   207 | D:1      | Reached XP level 2. HP: 33/33 MP: 2/2
  1200 | D:2      | Noticed Sigmund
  1303 | D:2      | Reached XP level 3. HP: 26/38 MP: 3/3
  1882 | D:2      | Noticed Robin
  1895 | D:2      | Killed Robin
  1895 | D:2      | Reached skill level 1 in Invocations
  2024 | D:2      | Reached skill level 1 in Short Blades
  2024 | D:2      | Reached skill level 1 in Long Blades
  2024 | D:2      | Reached skill level 1 in Maces & Flails
  2024 | D:2      | Reached skill level 1 in Polearms
  2024 | D:2      | Reached skill level 1 in Staves
  2024 | D:2      | Reached skill level 1 in Slings
  2024 | D:2      | Reached skill level 1 in Bows
  2024 | D:2      | Reached skill level 1 in Crossbows
  2024 | D:2      | Reached skill level 1 in Throwing
  2024 | D:2      | Reached skill level 1 in Dodging
  2024 | D:2      | Reached skill level 1 in Shields
  2024 | D:2      | Reached skill level 1 in Unarmed Combat
  2024 | D:2      | Reached skill level 1 in Spellcasting
  2024 | D:2      | Reached skill level 1 in Evocations
  2024 | D:2      | Reached XP level 4. HP: 41/45 MP: 5/5
  2128 | D:2      | Reached skill level 1 in Conjurations
  2128 | D:2      | Reached skill level 1 in Hexes
  2128 | D:2      | Reached skill level 1 in Charms
  2128 | D:2      | Reached skill level 1 in Summonings
  2128 | D:2      | Reached skill level 1 in Necromancy
  2128 | D:2      | Reached skill level 1 in Translocations
  2128 | D:2      | Reached skill level 1 in Transmutations
  2128 | D:2      | Reached skill level 1 in Fire Magic
  2128 | D:2      | Reached skill level 1 in Ice Magic
  2128 | D:2      | Reached skill level 1 in Air Magic
  2128 | D:2      | Reached skill level 1 in Earth Magic
  2128 | D:2      | Reached skill level 1 in Poison Magic
  2326 | D:2      | Found a shimmering blue altar of Sif Muna.
  2568 | D:2      | Reached XP level 5. HP: 51/51 MP: 6/6
  2792 | D:3      | Found an iron altar of Okawaru.
  4079 | D:4      | Reached XP level 6. HP: 50/57 MP: 8/8
  4168 | D:4      | Found Myvuinta's Magic Scroll Boutique.
  4176 | D:4      | Bought a scroll of enchant armour for 82 gold pieces
  4345 | D:4      | Noticed Blork the orc
  4348 | D:4      | Reached skill level 5 in Axes
  4360 | D:4      | Killed Blork the orc
  4360 | D:4      | Reached XP level 7. HP: 32/63 MP: 10/10
  4728 | D:4      | Found a staircase to the Ecumenical Temple.
  4745 | Temple   | Entered the Ecumenical Temple
  4764 | Temple   | Became a worshipper of Ashenzari the Shackled
  5196 | D:5      | Entered Level 5 of the Dungeon
  5290 | D:5      | Found a glowing drain.
  5305 | Sewer    | Entered a sewer
  6053 | D:5      | Reached skill level 9 in Fighting
  6134 | D:5      | Reached XP level 8. HP: 60/71 MP: 12/12
  7038 | D:6      | Found Veac's Gadget Boutique.
  7179 | D:6      | Found an opulent altar of Gozag.
  7179 | D:6      | Found a snail-covered altar of Cheibriados.
  7472 | D:6      | Noticed Menkaure
  7499 | D:6      | Killed Menkaure
  7499 | D:6      | Reached XP level 9. HP: 66/76 MP: 14/14
  7528 | D:6      | Got the uncursed cloak of the Dwarven Hall {rN+ Str-4 Dex+3
                  | Stlth+}
  8681 | D:7      | Reached skill level 5 in Armour
  8696 | D:7      | Found a burning altar of Makhleb.
  8697 | D:7      | Found a radiant altar of Vehumet.
  9451 | D:7      | Reached skill level 5 in Invocations
  9782 | D:8      | Noticed a two-headed ogre
 10102 | D:8      | Reached XP level 10. HP: 84/84 MP: 17/17
 10185 | D:8      | Reached * piety under Ashenzari
 10611 | D:8      | Found Olitueh's Jewellery Shop.
 10619 | D:8      | Bought a +3 amulet of reflection for 172 gold pieces
 10963 | D:8      | Noticed Prince Ribbit
 10980 | D:8      | Killed Prince Ribbit
 10980 | D:8      | Reached skill level 5 in Short Blades
 10980 | D:8      | Reached skill level 5 in Long Blades
 10980 | D:8      | Reached skill level 5 in Maces & Flails
 10980 | D:8      | Reached skill level 5 in Polearms
 10980 | D:8      | Reached skill level 5 in Staves
 10980 | D:8      | Reached skill level 5 in Slings
 10980 | D:8      | Reached skill level 5 in Bows
 10980 | D:8      | Reached skill level 5 in Crossbows
 10980 | D:8      | Reached skill level 5 in Throwing
 10980 | D:8      | Reached skill level 5 in Dodging
 10980 | D:8      | Reached skill level 5 in Shields
 10980 | D:8      | Reached skill level 5 in Unarmed Combat
 10980 | D:8      | Reached skill level 5 in Spellcasting
 10980 | D:8      | Reached skill level 5 in Evocations
 11049 | D:8      | Noticed Pikel
 11069 | D:8      | Killed Pikel
 11069 | D:8      | Reached skill level 10 in Fighting
 11171 | D:8      | Found a shimmering blue altar of Sif Muna.
 11470 | D:9      | Learned a level 3 spell: Confuse
 11563 | D:9      | Found Koiguggouq's General Store.
 11586 | D:9      | Bought a ration for 70 gold pieces
 11586 | D:9      | Bought a potion of invisibility for 112 gold pieces
 12076 | D:9      | Reached ** piety under Ashenzari
 12111 | D:9      | Reached XP level 11. HP: 88/91 MP: 19/19
 12228 | D:9      | Found a staircase to the Lair.
 12644 | D:10     | Entered Level 10 of the Dungeon
 12644 | D:10     | Noticed Fannar
 12660 | D:9      | Upgraded the game from 0.24.0-35-gdb84b6a5db to
                  | 0.24.0-37-gcf1ca852f1
 12741 | D:9      | Noticed a two-headed ogre
 12830 | D:9      | Killed a two-headed ogre
 13097 | D:9      | Reached skill level 5 in Conjurations
 13097 | D:9      | Reached skill level 5 in Hexes
 13097 | D:9      | Reached skill level 5 in Charms
 13097 | D:9      | Reached skill level 5 in Summonings
 13097 | D:9      | Reached skill level 5 in Necromancy
 13097 | D:9      | Reached skill level 5 in Translocations
 13097 | D:9      | Reached skill level 5 in Transmutations
 13097 | D:9      | Reached skill level 5 in Fire Magic
 13097 | D:9      | Reached skill level 5 in Ice Magic
 13097 | D:9      | Reached skill level 5 in Air Magic
 13097 | D:9      | Reached skill level 5 in Earth Magic
 13097 | D:9      | Reached skill level 5 in Poison Magic
 13687 | D:10     | Noticed a centaur warrior
 13698 | D:10     | Killed a centaur warrior
 14337 | D:11     | Found Figiru's Assorted Antiques.
 14337 | D:11     | Noticed Josephine
 14337 | D:11     | Noticed Maurice
 14377 | D:11     | Noticed a two-headed ogre
 14424 | Lair:1   | Entered Level 1 of the Lair of Beasts
 15023 | Lair:1   | Noticed a seven-headed hydra
 15247 | Lair:1   | Killed a seven-headed hydra
 15397 | Lair:1   | Reached XP level 12. HP: 91/99 MP: 22/22
 15401 | Lair:1   | Learned a level 2 spell: Swiftness
 15469 | Lair:1   | Learned a level 2 spell: Throw Frost
 15473 | Lair:1   | Learned a level 3 spell: Ozocubu's Armour
 15475 | Lair:1   | Learned a level 1 spell: Corona
 15569 | Lair:1   | Noticed Wuochyse's ghost (journeyman DEWz)
 15606 | Lair:1   | Found a runed translucent gate.
 15606 | Lair:1   | Found a runed translucent gate.
 15606 | Lair:1   | Found a runed translucent gate.
 15648 | Lair:1   | Noticed a six-headed hydra
 15861 | Lair:1   | Learned a level 3 spell: Regeneration
 16372 | Lair:1   | Noticed a five-headed hydra
 16647 | Lair:2   | Found a dark tunnel.
 16669 | Volcano  | Entered a volcano
 16707 | Volcano  | Noticed a two-headed ogre
 16747 | Volcano  | Killed a two-headed ogre
 16881 | Volcano  | Noticed a red draconian
 17015 | Lair:2   | Reached *** piety under Ashenzari
 17039 | Lair:2   | Reached skill level 11 in Fighting
 17850 | Lair:2   | Found an opulent altar of Gozag.
 18576 | Lair:3   | Found a staircase to the Swamp.
 18924 | Lair:3   | Found a staircase to the Snake Pit.
 19889 | Lair:3   | Reached XP level 13. HP: 91/106 MP: 24/24
 20883 | Lair:4   | Reached **** piety under Ashenzari
 21515 | Lair:4   | Reached skill level 10 in Stealth
 21791 | Lair:4   | Learned a level 4 spell: Summon Ice Beast
 23104 | Lair:6   | Entered Level 6 of the Lair of Beasts
 26431 | Lair:6   | Found a viscous altar of Jiyva.
 26432 | Lair:6   | Found a staircase to the Slime Pits.
 26597 | Lair:5   | Reached XP level 14. HP: 114/114 MP: 23/26
 27124 | Lair:6   | Identified the ring of Sodekhleo {rF+ rN+}
 28219 | D:10     | Killed Fannar
 28284 | D:10     | Reached skill level 12 in Fighting
 28284 | D:10     | Reached skill level 10 in Axes
 28644 | D:10     | Killed Josephine
 28965 | D:11     | Bought a scroll of remove curse for 75 gold pieces
 28965 | D:11     | Bought a potion of agility for 100 gold pieces
 28965 | D:11     | Bought a scroll of enchant armour for 187 gold pieces
 28965 | D:11     | Bought an inky potion for 22 gold pieces
 29080 | D:11     | Reached ***** piety under Ashenzari
 29084 | D:11     | Found Bulyx's Book Emporium.
 29104 | D:11     | Found Sutoag's Gadget Shoppe.
 29142 | D:11     | Noticed a frost giant
 29144 | D:11     | Noticed a fire giant
 29888 | D:11     | Found Dowuvum's Gadget Shop.
 29903 | D:11     | Found a transporter.
 29903 | D:11     | Found a transporter.
 29997 | D:11     | Found a bloodstained altar of Trog.
 29997 | D:11     | Noticed Valentain's ghost (journeyman OpVM)
 30067 | D:11     | Found Igiuzar's Weapon Shoppe.
 30148 | D:11     | Killed a frost giant
 30499 | D:11     | Killed a fire giant
 30948 | D:11     | Noticed Erolcha
 30964 | D:11     | Killed Erolcha
 31276 | D:11     | Killed Valentain's ghost
 31280 | D:11     | Reached skill level 10 in Invocations
 32071 | D:12     | Identified the Incunabulum of Feathery Poisoning
 33011 | D:12     | Found a staircase to the Orcish Mines.
 33128 | D:12     | Found a blossoming altar of Fedhas.
 35546 | D:13     | Reached XP level 15. HP: 118/122 MP: 13/28
 35676 | D:13     | Identified the Grimoire of Flying Enchantment
 36145 | D:14     | Reached skill level 10 in Armour
 37119 | D:14     | Found a gate to the Vaults.
 37260 | D:14     | Demolished by a very large slime creature

Levels and vault maps discovered:
D:1:      dpeg_arrival_leaves_temple_mockup, layout_basic, due_unseen_surprise
D:2:      layout_loops_ring, marbit_many_paths, uniq_sigmund, uniq_robin
D:3:      layout_basic, lemuel_round_altar, first_ration
D:4:      layout_basic, minmay_temple_entry_mini_moons, serial_shops, shop,
          wad_orctagon, uniq_blork_the_orc
D:5:      layout_rooms, gup_sewer_entry_bowl
D:6:      cheibrodos_two_vegetables, layout_rooms,
          chequers_temple_overflow_statue_of_worship, serial_shops,
          nicolae_shop_stone, uniq_menkaure
D:7:      kennysheep_spiral_hall, layout_rooms,
          grunt_temple_overflow_lords_of_destruction
D:8:      layout_basic, basic_altar, the_bakery, eino_tiny_chamber,
          grunt_ministairs_7, minmay_misc_feat_more_columns,
          minmay_shop_enchanted_jewellery, uniq_pikel, uniq_prince_ribbit1
D:9:      layout_basic, gammafunk_temple_overflow_statue, lair_entry_dummy,
          serial_shops, nicolae_shop_waterfront
D:10:     argonaut_augean_stables, layout_cave_pools, feat_on_display,
          uniq_fannar
D:11:     minmay_glassy_protrusions, layout_long_grid, enter_bailey_3,
          gammafunk_ghost_wrathful_warriors, serial_shops, shop,
          nicolae_shop_behind_doors, shop, nicolae_shop_crystal, shop,
          uniq_josephine, uniq_erolcha, uniq_maurice
D:12:     minmay_cut_squares, layout_grid_maze, orc_0_dummy, fedhas_altar_3
D:13:     minmay_bloctagon_deflated, layout_loops_ring
D:14:     layout_basic, grunt_vaults_entry_tiered, minmay_tree_intersection,
          kennysheep_nub, skrybe_limestone_x, minmay_nine_imps
Temple:   eino_temple_water
Lair:1:   layout_chaotic_city, gammafunk_ghost_split,
          kennysheep_abandoned_house, infiniplex_staircase_pool,
          grunt_megastairs_5
Lair:2:   layout_small_grid, nicolae_volcano_entry_two_sided, basic_altar,
          infiniplex_staircase_pool_2, grunt_megastairs_3, lemuel_fruit_tree
Lair:3:   layout_roguey, minmay_swamp_entry_reptiles,
          minmay_snake_entry_six_corridors, small_statue_intersection,
          chequers_serial_rivers_room_b, minmay_lair_oklob_chamber
Lair:4:   minmay_lair_venomous_thicket, layout_hall_layers, serial_forest,
          infiniplex_forest_clump_small, infiniplex_forest_zigzag_2,
          infiniplex_forest_clump_curved, infiniplex_forest_clump_small,
          infiniplex_forest_corner_2, infiniplex_forest_clump_small
Lair:5:   layout_gridlike
Lair:6:   minmay_lair_end_frog_pond, layout_regular_city, slime_altar_1,
          chequers_serial_rivers_room_b, lookout_lair_type

Skill      XL: |  1  2  3  4  5  6  7  8  9 10 11 12 13 14 15 |
---------------+----------------------------------------------+-----
Stealth        | 6 7 8 9 10 11 | 11.3
Invocations    | 1 2 3 4 5 6 7 8 9 10 | 10.6
Short Blades   | 1 2 3 4 5 6 7 8 9 |  9.7
Long Blades    | 1 2 3 4 5 6 7 8 9 |  9.7
Maces & Flails | 1 2 3 4 5 6 7 8 9 |  9.7
Polearms       | 1 2 3 4 5 6 7 8 9 |  9.7
Staves         | 1 2 3 4 5 6 7 8 9 |  9.7
Slings         | 1 2 3 4 5 6 7 8 9 |  9.7
Bows           | 1 2 3 4 5 6 7 8 9 |  9.7
Crossbows      | 1 2 3 4 5 6 7 8 9 |  9.7
Throwing       | 1 2 3 4 5 6 7 8 9 |  9.7
Dodging        | 1 2 3 4 5 6 7 8 9 |  9.7
Shields        | 1 2 3 4 5 6 7 8 9 |  9.7
Unarmed Combat | 1 2 3 4 5 6 7 8 9 |  9.7
Spellcasting   | 1 2 3 4 5 6 7 8 9 |  9.7
Evocations     | 1 2 3 4 5 6 7 8 9 |  9.7
Conjurations   | 1 2 3 4 5 6 7 8 |  8.2
Hexes          | 1 2 3 4 5 6 7 8 |  8.2
Charms         | 1 2 3 4 5 6 7 8 |  8.2
Summonings     | 1 2 3 4 5 6 7 8 |  8.2
Necromancy     | 1 2 3 4 5 6 7 8 |  8.2
Translocations | 1 2 3 4 5 6 7 8 |  8.2
Transmutations | 1 2 3 4 5 6 7 8 |  8.2
Fire Magic     | 1 2 3 4 5 6 7 8 |  8.2
Ice Magic      | 1 2 3 4 5 6 7 8 |  8.2
Air Magic      | 1 2 3 4 5 6 7 8 |  8.2
Earth Magic    | 1 2 3 4 5 6 7 8 |  8.2
Poison Magic   | 1 2 3 4 5 6 7 8 |  8.2
Armour         | 3 4 5 6 7 8 9 10 | 10.1
Axes           | 5 6 7 8 9 10 | 10.7
Fighting       | 9 10 11 12 | 12.5

Action                   |  1- 3 |  4- 6 |  7- 9 | 10-12 | 13-15 || total
-------------------------+-------+-------+-------+-------+-------++-------
Melee: Hand axe          |    76 |   137 |   555 |    46 |       ||   814
       Bite              |     5 |    15 |    60 |   194 |   321 ||   595
       Punch             |     1 |     2 |       |       |       ||     3
       War axe           |       |    17 |       |   203 |       ||   220
       Falchion          |       |       |       |   296 |   783 ||  1079
       Spear             |       |       |       |   790 |  1036 ||  1826
 Fire: Hunting sling     |       |       |       |     4 |       ||     4
Throw: Stone             |     7 |    12 |    51 |     7 |     5 ||    82
       Dart              |       |       |       |   118 |    74 ||   192
 Cast: Confuse           |       |       |       |     5 |    11 ||    16
       Throw Frost       |       |       |       |    11 |       ||    11
       Ozocubu's Armour  |       |       |       |     2 |     3 ||     5
       Corona            |       |       |       |     2 |       ||     2
       Summon Ice Beast  |       |       |       |       |   341 ||   341
       Swiftness         |       |       |       |       |     1 ||     1
       Regeneration      |       |       |       |       |     1 ||     1
Invok: Curse Item        |       |       |     3 |     2 |       ||     5
       Scrying           |       |       |       |     1 |     1 ||     2
Evoke: Wand              |       |       |       |     3 |       ||     3
  Use: Scroll            |     3 |     3 |    11 |     7 |    18 ||    42
       Potion            |       |     2 |     3 |     9 |    10 ||    24
 Stab: Sleeping          |     3 |     3 |     3 |     9 |    13 ||    31
       Distracted        |       |       |     1 |     1 |    25 ||    27
       Confused          |       |       |       |     5 |     1 ||     6
       Petrifying        |       |       |       |       |     1 ||     1
  Eat: Chunk             |     3 |     5 |    14 |    18 |    54 ||    94
       Ration            |       |     1 |     2 |     4 |    14 ||    21
Armor: Ring mail         |    15 |    15 |       |    39 |       ||    69
       Scale mail        |       |    67 |   213 |    13 |       ||   293
       Troll leather arm |       |       |       |   130 |   108 ||   238
       Robe              |       |       |       |       |   100 ||   100
Dodge: Dodged            |    32 |    68 |   182 |   345 |   517 ||  1144
Block: Shield            |       |       |   391 |  1057 |  1470 ||  2918
       Reflection        |       |       |       |    10 |    27 ||    37
       Rpst.: Falchion   |       |       |       |    34 |    70 ||   104
